 BcadrenCrawl: Boulder Brew version 0.05.4-52-gbd2e00ed8b (webtiles) character file.

Game seed: 2646005024848113691, levelgen mode: deterministic

7294 xeno23 the Vexing (level 10, -2/84 HPs) Purple Draconian Wizard. Began on Apr 19, 2022. Was a Believer of Bahamut & Tiamat. Slain by a wyvern (10 damage) ... on level 5 of the Dungeon. The game lasted 01:44:31 (8441 turns).

xeno23 the Vexing (Purple Draconian Wizard)         Turns: 8441, Time: 01:44:32

Health: -2/84      AC:  8    Str: 10    XL:     10 ^: 551
Magic:  8/19       EV: 13    Int: 21    God:    Bahamut & Tiamat [2* [56]]
Gold:   291        SH:  0    Dex: 10    Spells: 1/21 levels left

rFire    . . .     Vision   .   h - +1 hand crossbow (velocity)
rCold    . . .     Gourm    .   e - +1 short sword (molten)
rNeg     . . .     Faith    .   (armour unavailable)
rCorr    . . .     Spirit   .   a - +0 hat
rPois    .         Reflect  .   E - scarf {repulsion}
rElec    .         Harm     .   (no gloves)
MR       ++...                  (no boots)
Stlth    ++........             (no amulet)
HPRegen  0.38/turn              (no ring)
MPRegen  0.29/turn              (no ring)

@: very slightly contaminated, repel missiles
A: deformed body 2, cold-blooded, boosted short blades aptitude, hexes enhancer
1, MR++, AC +8
a: Breathe Dispelling Energy, Choose Bahamut's Refined Breath, Choose Tiamat's
Adaptive Breath, Renounce Religion


You were on level 5 of the Dungeon.
You worshipped Bahamut & Tiamat.
Bahamut & Tiamat was pleased with you.
You were not hungry.

You visited 3 branches of the dungeon, and saw 8 of its levels.

You collected 291 gold pieces.

Inventory:

Weapons
 e - a +1 short sword of molten steel (weapon)
 h - a +1 hand crossbow of velocity (weapon)
 i - a +3 short sword
 s - a cursed +2 falchion of caustic ooze {(Curse: *Drain)}
 G - a +2 dagger of caustic ooze Shields
 v - a +0 buckler
 x - a +1 heater shield of poison resistance
Armour
 a - a +0 hat (worn)
 E - a scarf of repulsion (worn)
Jewellery
 t - a cursed amulet of harm {(Curse: MR-)}
 u - an uncursed ring of evasion
 B - a cursed ring of stealth {(Curse: *Corrode)}
 F - an uncursed amulet of guardian spirit
 H - a cursed ring of positive energy {(Curse: MR-)}
Wands
 y - a wand of random effects (2)
 L - a wand of polymorph (13)
Scrolls
 b - 2 scrolls of teleportation
 d - a scroll of bless item
 f - a scroll of enchantment
 k - 2 scrolls of fog
 n - a scroll of vulnerability
 w - 2 scrolls of summoning
 I - 2 scrolls of fear
 J - a scroll of blinking
 K - a scroll of magic mapping
Potions
 g - a potion of resistance
 j - 3 potions of lignification
 l - 3 potions of haste
 m - 2 potions of curing
 o - 4 potions of might
 p - 2 potions of agility
 q - a potion of cancellation
 r - 2 potions of invisibility
 A - a potion of ambrosia
 D - a potion of magic
Miscellaneous
 z - a crystal ball of energy
Comestibles
 c - 14 rations
 C - 4 chunks of flesh


   Skills:
 - Level 6.9 Fighting
 - Level 5.9 Crossbows
 - Level 3.4 Dodging
 - Level 3.3 Stealth
 - Level 6.1 Spellcasting
 - Level 6.9 Hexes
 + Level 1.0 Charms
 - Level 1.5 Summonings
 - Level 0.7 Translocations
 - Level 4.6 Fire Magic
 - Level 5.3 Air Magic
 - Level 5.4 Poison Magic


You had one spell level left.
You knew the following spells:

 Your Spells              Type           Power        Failure   Level  Hunger
a - Flame Tongue          Fire           25 (30)      1%          1    0
b - Call Imp              Summ           13 (100)     8%          2    0
c - Blink                 Tloc           N/A          11%         2    0
d - Conjure Flame Fire 25 (100) 4% 3 0-51 e - Mephitic Cloud Pois/Air 29 (100) 3% 3 0-51 f - Tukima's Dance Hex 52 (100) 1% 3 0-51 g - Invisibility Chrm           10 (100)     100%        6    311-531

Your spell library contained the following spells:

 Spells                   Type           Power        Failure   Level  Hunger
 Slow                     Hex            52 (100)     1%          1    0
 Summon Butterflies       Summ           13 (100)     4%          1    0
 Projected Noise          Hex/Tloc       33 (100)     3%          2    0
 Swiftness                Chrm/Air       20 (100)     3%          2    0
 Passwall                 Tmut/Erth      6 (120)      14%         2    0
 Apportation Tloc 9 (50) 22% 3 0-51 Passage of Golubria Tloc N/A 56% 4 71-171 Darkness Hex 52 (200) 65% 6 311-531 Lee's Rapid Deconstruct Erth 6 (200) 95% 5 191-351 Methodical Deconstructi Erth           6 (200)      95%         5    191-351


Dungeon Overview and Level Annotations

Branches:
Dungeon (6/8)              Temple (1/1) D:4            Lair (1/6) D:5
    Orc: D:6

Altars:
Ashenzari Bahamut & Tiamat
Cheibriados
Dithmenos
Elyvilon
Fedhas Madash
Gozag Ym Sagoz
Hepliaklqana
Kikubaaqudgha
Makhleb
Nemelex Xobeh
Okawaru
Qazlal
Ru
Sif Muna
Trog
Uskayaw
Vehumet
Wu Jian
Xom
Yredelemnul
Zin
The Shining One

Shops:
D:3 *


Innate Abilities, Weirdness & Mutations

Your rich purple scales are resilient. (AC +8)
You can breathe bolts of dispelling energy.
You cannot wear any armour on your peculiar form.
You are cold-blooded and are slowed more easily by cold attacks.
You are naturally skilled at Short Blades (Aptitude +3).
You are in touch with the powers of hexes.
Your rich purple scales protect you from hostile magic. (MR++)


Message History

* * * LOW HITPOINT WARNING * * *
Your llaibwca closely misses the wyvern (0).
Casting: Flame Tongue (safe; 1% risk of failure)
Confirm with . or Enter, or press ? or * to list all spells.
Aiming: Flame Tongue (safe; 1% risk of failure)
Press: ? - help, Shift-Dir - straight line, f/p - wyvern
Aim: a wyvern (black smoke, 70%, 50% to-hit, almost dead (5/31), 76% (Melee))
The flame tongue misses the wyvern.
The wyvern bites you (11)!
* * * LOW HITPOINT WARNING * * *
The wyvern bites you (6).
* * * LOW HITPOINT WARNING * * *
Your llaibwca hits the wyvern (4).
Okay, then.
Casting: Flame Tongue (safe; 1% risk of failure)
Confirm with . or Enter, or press ? or * to list all spells.
Aiming: Flame Tongue (safe; 1% risk of failure)
Press: ? - help, Shift-Dir - straight line, f/p - wyvern
Aim: a wyvern (70%, 50% to-hit, almost dead (1/31), 76% (Melee))
The flame tongue misses the wyvern.
The wyvern bites you (10)!
You die...

#....# #.......# #.# #..
#....# #.......# #.# #.#
#....# #.....?.# #.# #.#
###### #.......# #.# #.#
#.......# #.# #.#
##......# #.# #.#
#÷###### #.# #.# #.###
#.# #.# #.@.# #.# #.#
##l5#######'#####.#
#÷.#..............
##.#..............
########................
#............###'#####.)
#######.#######..#.# #.#
#.. #.....#.# #.....?#.#
#.# #.) #.....#.#
#.####.#.# #.# #..


You could see a wyvern and a friendly llaibwca.

Vanquished Creatures
  Pikel (D:3)
  A queen bee (D:4)
  2 yaks (D:5)
  A hungry ghost (D:5)
  2 bone scorpions
  A slime creature (D:5)
  2 necrophages (D:5)
  A scorpion (D:3)
  A water moccasin (D:5)
  A phantom (D:4)
  3 orc warriors
  5 sky beasts
  2 ice beasts
  2 black bears (D:4)
  2 ogres
  3 crocodiles
  3 bullfrogs
  Blork the orc (D:2)
  2 big kobolds (D:2)
  A howler monkey (D:3)
  14 killer bees (D:4)
  2 wights (D:5)
  A llaibwca (D:4)
  2 orc priests
  10 hounds
  4 jellies
  8 orc wizards
  2 iguanas
  11 worker ants
  A water moccasin zombie (D:5)
  A water moccasin skeleton (D:3)
  9 giant cockroaches
  A bullfrog zombie (D:4)
  4 bullfrog skeletons
  A cysgobwca (D:4)
  11 adders
  A gwybwca (D:3)
  38 sewer rats
  9 cinder newts
  2 worms (D:3)
  A hound zombie (D:3)
  A howler monkey skeleton (D:3)
  A worker ant zombie (D:5)
  A hound skeleton (D:3)
  2 oozes
  3 dart slugs
  9 leopard geckos
  31 orcs
  2 adder skeletons
  4 ball pythons
  A cinder newt skeleton (D:2)
  4 goblins (D:1)
  2 hobgoblins (D:1)
  2 jackals (D:3)
  2 quokkas (D:5)
  8 bats
  A bat skeleton (D:2)
  A hobgoblin skeleton (D:2)
  10 kobolds
  A quokka zombie (D:5)
  5 rats (D:1)
  A butterfly (D:5)
  A giant blowfly (D:2)
  A slave (D:3)
  5 withered plants (D:2)
269 creatures vanquished.

Vanquished Creatures (collateral kills)
  2 two-headed ogres (D:5)
  A porcupine (D:5)
  An ogre (D:6)
  A jelly (D:2)
  A wight (D:5)
  6 sewer rats (D:2)
  2 cinder newts (D:1)
  5 kobolds
  2 rats (D:1)
21 creatures vanquished.

Vanquished Creatures (others)
  A giant cockroach (D:2)
  A sewer rat (D:2)
  A bat (D:2)
  A kobold skeleton (D:2)
  4 giant blowflies
  2 slimeheads (D:2)
  92 withered plants (D:2)
102 creatures vanquished.

Grand Total: 392 creatures vanquished

Notes
Turn   | Place    | Note
-------+----------+-------------------------------------------
     0 | D:1      | xeno23 the Immature Draconian Wizard began the quest for
                  | the Orb.
     0 | D:1      | Reached XP level 1. HP: 14/14 MP: 5/5
   137 | D:1      | Reached XP level 2. HP: 17/22 MP: 1/7
   343 | D:1      | Learned a level 2 spell: Call Imp
   346 | D:1      | Learned a level 2 spell: Blink
   350 | D:1      | Learned a level 3 spell: Conjure Flame
   388 | D:1      | Reached skill level 1 in Fighting
   388 | D:1      | Reached skill level 1 in Fire Magic
   388 | D:1      | Reached XP level 3. HP: 26/28 MP: 3/8
   666 | D:1      | Reached XP level 4. HP: 35/35 MP: 10/10
  1180 | D:2      | Reached XP level 5. HP: 26/41 MP: 3/12
  1567 | D:2      | Reached skill level 5 in Spellcasting
  1598 | D:2      | Reached XP level 6. HP: 46/50 MP: 10/13
  1776 | D:2      | Noticed Blork the orc
  1786 | D:2      | Killed Blork the orc
  1953 | D:2      | Your scales start taking on a rich purple colour.
  1953 | D:2      | Reached XP level 7. HP: 48/57 MP: 10/15
  1953 | D:2      | Gained mutation: Your rich purple scales protect you from
                  | hostile magic. (MR++) [Purple Draconian growth]
  1953 | D:2      | Gained mutation: You are in touch with the powers of hexes.
                  | [Purple Draconian growth]
  2607 | D:1      | Learned a level 3 spell: Mephitic Cloud
  3690 | D:3      | Reached XP level 8. HP: 57/66 MP: 4/17
  3824 | D:3      | Found Nobothuss's General Store.
  3874 | D:3      | Reached skill level 1 in Air Magic
  3874 | D:3      | Reached skill level 1 in Poison Magic
  4005 | D:3      | Reached skill level 1 in Crossbows
  4057 | D:3      | Noticed Pikel
  4088 | D:3      | Killed Pikel
  4365 | D:3      | Reached XP level 9. HP: 63/71 MP: 11/18
  5104 | D:4      | Found a hide-covered altar of Uskayaw.
  5222 | D:4      | Found a shimmering altar of Xom.
  5353 | D:4      | Reached skill level 5 in Air Magic
  5353 | D:4      | Reached skill level 5 in Poison Magic
  5484 | D:4      | Reached skill level 5 in Crossbows
  5625 | D:4      | Learned a level 3 spell: Tukima's Dance
  5655 | D:4      | Reached skill level 1 in Hexes
  5800 | D:4      | Found a staircase to the Ecumenical Temple.
  5803 | D:4      | Gained mutation: You are naturally skilled at Short Blades
                  | (Aptitude +3). [draconic bloodline]
  5803 | D:4      | Reached XP level 10. HP: 75/78 MP: 19/19
  5839 | Temple   | Entered the Ecumenical Temple
  5928 | Temple   | Became a worshipper of Bahamut & Tiamat
  6340 | D:5      | Entered Level 5 of the Dungeon
  6524 | D:5      | Noticed a two-headed ogre
  6669 | D:5      | Reached * piety under Bahamut & Tiamat
  6809 | D:5      | Killed a two-headed ogre
  6936 | D:5      | Reached skill level 5 in Fighting
  6982 | D:5      | Noticed a two-headed ogre
  6994 | D:5      | Killed a two-headed ogre
  6994 | D:5      | Reached skill level 5 in Hexes
  7122 | D:5      | Identified the +4 robe "Voelaraock" {rPois MR- Int+2}
  7271 | D:5      | Found a staircase to the Lair.
  7376 | D:5      | Reached ** piety under Bahamut & Tiamat
  7698 | D:6      | Noticed a four-headed hydra
  7699 | D:6      | Noticed a two-headed ogre
  7712 | D:6      | Noticed a manticore
  8006 | D:6      | Noticed a manticore
  8231 | Lair:1   | Entered Level 1 of the Lair of Beasts
  8281 | D:5      | Learned a level 6 spell: Invisibility
  8311 | D:5      | Reached skill level 1 in Charms
  8428 | Lair:1   | Noticed a boulder beetle
  8441 | D:5      | Slain by a wyvern

Levels and vault maps discovered:
D:1:      lightli_arrival_farm, layout_basic, first_ration, minmay_bent
D:2:      layout_sewer, uniq_blork_the_orc
D:3:      cheibrodos_barr_body, layout_basic, serial_shops,
          nicolae_shop_behind_doors, eino_tiny_chamber, uniq_pikel
D:4:      layout_gridville, lemuel_doored_altar,
          bcadren_lemuel_inverted_doored_altar, minmay_temple_entry_sparse_star,
          david_nohive_1, minmay_misc_feat_roman
D:5:      layout_basic, lair_entry_dummy
D:6:      layout_loops_ring, hiddenorc2_lemuel, zaba_antful_of_joy
Temple:   kilobyte_greek_temple
Lair:1:   layout_hall_layers, grunt_megastairs_1, uniq_joseph

Skill      XL: |  1  2  3  4  5  6  7  8  9 10 |
---------------+-------------------------------+-----
Fighting       | 1 2 3 4 6 |  6.9
Fire Magic     | 1 2 3 4 |  4.6
Dodging        | 2 3 |  3.4
Stealth        | 2 3 |  3.3
Spellcasting   | 5 6 |  6.1
Air Magic      | 3 5 |  5.3
Poison Magic   | 3 5 |  5.4
Crossbows      | 3 5 |  5.9
Hexes          | 1 6 |  6.9
Charms         | 1 |  1.0
Summonings     | |  1.5
Translocations | |  0.7

Action                   |  1- 3 |  4- 6 |  7- 9 | 10-12 || total
-------------------------+-------+-------+-------+-------++-------
Melee: Short sword       |    17 |    52 |    61 |    31 ||   161
       Unarmed           |    10 |    16 |       |       ||    26
       Peck              |     3 |     2 |     2 |     2 ||     9
 Fire: Hand crossbow     |       |    84 |   215 |    73 ||   372
 Cast: Flame Tongue      |    34 |    57 |   231 |   222 ||   544
       Call Imp          |     2 |     6 |    13 |     4 ||    25
       Blink             |       |     1 |     2 |     7 ||    10
       Conjure Flame     |       |       |    24 |    17 ||    41
       Mephitic Cloud    |       |       |     4 |     1 ||     5
       Tukima's Dance    |       |       |       |     8 ||     8
Invok: Choose Bahamut's  |       |       |       |     1 ||     1
  Use: Potion            |       |     1 |     2 |       ||     3
       Scroll            |       |       |     3 |     1 ||     4
 Stab: Sleeping          |     1 |     2 |       |       ||     3
  Eat: Chunk             |       |     4 |    10 |     9 ||    23
       Ration            |       |       |     1 |       ||     1
Armor: Skin              |    15 |    67 |   110 |    38 ||   230
Dodge: Dodged            |    17 |    44 |    99 |    33 ||   193
